 Dungeon Crawl Stone Soup version 0.22-a0-224-g8cf3520 (webtiles) character file.

449 Amnesiac the Charlatan (level 6, -2/32 HPs)
             Began as a Spriggan Artificer on Feb 20, 2018.
             Splashed by a jelly's acid (8 damage)
             ... on level 5 of the Dungeon.
             The game lasted 00:05:58 (1685 turns).

Amnesiac the Charlatan (Spriggan Artificer)         Turns: 1685, Time: 00:05:59

Health: -2/32      AC:  3    Str: 10    XL:     6   Next: 74%
Magic:  12/12      EV: 21    Int: 12    God:
Gold:   175        SH:  0    Dex: 17    Spells: 5/5 levels left

rFire    . . .     SeeInvis +   a - +4 quarterstaff (chaos)
rCold    . . .     Gourm    .   (shield currently unavailable)
rNeg     . . .     Faith    .   b - +0 robe
rPois    .         Spirit   .   (helmet restricted)
rElec    .         Reflect  .   o - +0 cloak
rCorr    .         Harm     .   (gloves unavailable)
MR       +....                  (boots unavailable)
Stlth    ++........             j - amulet of regeneration
HPRegen  0.50/turn              (no ring)
MPRegen  0.13/turn              (no ring)

@: very quick
A: very small, unfitting armour, see invisible, herbivore, speed 3, slow
metabolism 2
a: no special abilities


You were on level 5 of the Dungeon.
You were not hungry.

You visited 1 branch of the dungeon, and saw 5 of its levels.

You collected 175 gold pieces.

Inventory:

Hand Weapons
 a - a +4 quarterstaff of chaos (weapon)
 s - a +0 quarterstaff
Missiles
 u - 14 stones (quivered)
 w - 6 sling bullets
Armour
 b - a +0 robe (worn)
 o - a +0 cloak (worn)
Jewellery
 j - an amulet of regeneration (around neck)
Wands
 c - a wand of flame (15)
 d - a wand of enslavement (15)
 e - a wand of random effects (44)
Scrolls
 h - 2 scrolls of remove curse {!r, unknown}
 i - a scroll of identify {!r, unknown}
 k - a scroll of random uselessness {!r, unknown}
 l - a scroll of immolation {!r, unknown}
 n - 3 scrolls of blinking {!r, unknown}
 q - 2 scrolls of enchant armour {!r, unknown}
 t - 2 scrolls of teleportation {!r, unknown}
 x - 2 scrolls of enchant weapon {!r, unknown}
Potions
 g - a potion of degeneration {!q, unknown}
 m - a potion of lignification {!q, unknown}
 p - a potion of curing {!q, unknown}
 r - a potion of invisibility {!q, unknown}
 v - a potion of heal wounds {!q, unknown}
Comestibles
 f - 5 rations


   Skills:
 + Level 2.8 Fighting
   Level 1.1 Short Blades
 + Level 5.8 Dodging
 - Level 1.5 Stealth
 * Level 7.7 Evocations


You had 5 spell levels left.
You didn't know any spells.

Dungeon Overview and Level Annotations

Branches:
Dungeon (5/15)
 Temple: D:4-7

Altars:
Sif Muna
Vehumet


Innate Abilities, Weirdness & Mutations

You are very small and have problems with some larger weapons.
You are too small for most types of armour.
You have supernaturally acute eyesight. (SInv)
You are a herbivore.
You cover ground extremely quickly.
You need consume almost no food.


Message History

The black bear barely misses you. The black bear closely misses you.
Unknown command.
You thump the black bear!
The black bear is severely wounded.
The black bear shakes off its lethargy.
The black bear goes berserk!
Unknown command.
You hit the black bear.
You feel better.
The black bear is almost dead.
The black bear barely misses you. The black bear closely misses you.
The black bear claws you. The black bear closely misses you. x3
Unknown command.
You barely miss the black bear.
The black bear is almost dead.
The black bear completely misses you. x2; The black bear claws you.
The black bear closely misses you. The black bear claws you!
The black bear claws you.
* * * LOW HITPOINT WARNING * * *
Unknown command.
You kill the black bear!
You start resting.
HP restored.
A scorpion comes into view.
A scorpion is nearby!
A scorpion is nearby!
The scorpion stings you but does no damage.
You hit the scorpion but do no damage. The scorpion misses you.
You hit the scorpion but do no damage. The scorpion completely misses you.
The scorpion closely misses you.
You sock the scorpion!
The scorpion is severely wounded.
The scorpion misses you.
You thump the scorpion!
You kill the scorpion!
A jelly comes into view.
A jelly is nearby!
A jelly is nearby!
A leopard gecko comes into view.
The leopard gecko hisses angrily.
The jelly quivers.
You see here a white potion {!q}.
p - a white potion {!q} The orc shouts!
You hit the leopard gecko.
The leopard gecko is moving more slowly.
The leopard gecko is heavily wounded.
The leopard gecko misses you.
A bullfrog skeleton comes into view.
You catch the helpless leopard gecko completely off-guard!
You hit the leopard gecko.
The leopard gecko is poisoned.
The leopard gecko is almost dead.
You kill the leopard gecko!
You barely miss the jelly. The jelly hits you.
You are splashed with acid!
The acid burns!
You thump the jelly!
The jelly goes berserk!
Your hands burn!
* * * LOW HITPOINT WARNING * * *
The jelly is heavily wounded.
The jelly hits you.
* * * LOW HITPOINT WARNING * * *
You are splashed with acid!
The acid burns!
* * * LOW HITPOINT WARNING * * *
The jelly hits you.
* * * LOW HITPOINT WARNING * * *
You are splashed with acid!
The acid burns!
You die...

. ...# #. #..# # ..
#..# .# #.#.###..##.#
#...........#
#....†....#
#####..#.##
##################Z.#
#
.)..............@Jo.#
##...#############.##
.......# #.# ##...#.#
#.# ##.##.# #.#
#.##.# ... #.##.# ...
#.##.#########. ..
#.##....)......


You could see a jelly (berserk), an orc and a bullfrog skeleton.

Vanquished Creatures
  A phantom (D:4)
  A black bear (shapeshifter) (D:5)
  A scorpion (D:5)
  An orc priest (D:3)
  Crazy Yiuf (D:2)
  2 iguanas (D:4)
  A worker ant (D:4)
  The ghost of Amnesiac the Charlatan, a weakling SpAr (D:4)
  3 adders
  An adder skeleton (D:4)
  2 leopard geckos
  11 orcs
  2 giant cockroaches (D:4)
  3 goblins
  3 hobgoblins
  A bat (D:1)
  A frilled lizard (D:2)
  3 rats (D:1)
39 creatures vanquished.

Notes
Turn   | Place    | Note
-------+----------+-------------------------------------------
     0 | D:1      | Amnesiac the Spriggan Artificer began the quest for the Orb.
     0 | D:1      | Reached XP level 1. HP: 9/9 MP: 4/4
    98 | D:1      | Reached skill level 1 in Fighting
   200 | D:2      | Reached XP level 2. HP: 11/14 MP: 6/6
   391 | D:2      | Found a runed door.
   526 | D:2      | Noticed Crazy Yiuf
   590 | D:2      | Killed Crazy Yiuf
   590 | D:2      | Reached skill level 5 in Evocations
   590 | D:2      | Reached XP level 3. HP: 18/18 MP: 7/7
   666 | D:3      | Noticed an ogre
   722 | D:3      | Reached XP level 4. HP: 20/23 MP: 7/9
   785 | D:4      | Found a deep blue altar of Sif Muna.
   863 | D:4      | Noticed a phantom
   904 | D:4      | Found a radiant altar of Vehumet.
   940 | D:4      | Killed a phantom
   940 | D:4      | Reached skill level 6 in Evocations
   940 | D:4      | Reached XP level 5. HP: 26/26 MP: 10/10
   949 | D:4      | Noticed an ogre
  1066 | D:4      | Reached skill level 5 in Dodging
  1209 | D:4      | Noticed Amnesiac's ghost (weakling SpAr)
  1225 | D:4      | Reached XP level 6. HP: 24/32 MP: 12/12
  1231 | D:4      | Killed Amnesiac's ghost
  1231 | D:4      | Reached skill level 7 in Evocations
  1500 | D:5      | Entered Level 5 of the Dungeon
  1685 | D:5      | Splashed by a jelly's acid

Vault maps used:
D:1:      dpeg_arrival_rhombus
D:2:      first_ration, uniq_crazy_yiuf_cottage
D:3:      cheibrodos_pilgrimage
D:4:      vehumet_crystals, old_standard_altar, serial_park_tiny_2,
          serial_bayou_pond_c
D:5:      minmay_temple_entry_nine_rooms, uniq_pikel, uniq_sigmund

Skill      XL: |  1  2  3  4  5  6 |
---------------+-------------------+-----
Fighting       | 1 2 |  2.8
Evocations     | 5 6 7 |  7.7
Dodging        | 4 5 |  5.8
Short Blades   | |  1.1
Stealth        | |  1.5

Action                   |  1- 3 |  4- 6 || total
-------------------------+-------+-------++-------
Melee: Short sword       |    38 |       ||    38
       Quarterstaff      |     6 |    95 ||   101
Evoke: Wand              |     1 |       ||     1
 Stab: Sleeping          |     2 |       ||     2
       Petrifying        |       |     1 ||     1
       Paralysed         |       |     1 ||     1
Armor: Robe              |     1 |     7 ||     8
Dodge: Dodged            |    42 |    86 ||   128

Table legend:
 A = Spawn XP
 B = Non-spawn XP
 C = Spawn XP percentage of total XP
 D = Spawn monster count
 E = Non-spawn monster count
 F = Spawn count percentage of total count
 G = Total turns spent on level
                    A         B        C        D         E        F      G
               +---------+---------+-------+---------+---------+-------+---------
         Total |       0 |     642 |   0.0 |       0 |      39 |   0.0 |  1685
               +---------+---------+-------+---------+---------+-------+---------
           D:1 |       0 |      10 |   0.0 |       0 |       7 |   0.0 |   157
           D:2 |       0 |      49 |   0.0 |       0 |       5 |   0.0 |   509
           D:3 |       0 |      52 |   0.0 |       0 |       4 |   0.0 |   119
           D:4 |       0 |     310 |   0.0 |       0 |      15 |   0.0 |   715
           D:5 |       0 |     221 |   0.0 |       0 |       8 |   0.0 |   185
               +---------+---------+-------+---------+---------+-------+---------
